 Dungeon Crawl Stone Soup version 0.24-a0-280-g7cec4da (console) character file.

Game seed: 9454576190528049478

11895 swinepaste the Arsonist (level 11, -10/58 HPs)
             Began as a Deep Elf Fire Elementalist on May 10, 2019.
             Was a High Priest of Sif Muna.
             Killed from afar by a molten gargoyle (19 damage)
             ... with a bolt of magma
             ... in a volcano.
             The game lasted 00:45:47 (13924 turns).

swinepaste the Arsonist (DEFE)                     Turns: 13924, Time: 00:45:48

Health: -10/58     AC:  5    Str:  5    XL:     11   Next: 55%
Magic:  18/26      EV: 19    Int: 24    God:    Sif Muna [*****.]
Gold:   703        SH:  4    Dex: 15    Spells: 8/28 levels left

rFire    + + .     SeeInvis .   a - +6 dagger (venom)
rCold    + . .     Gourm    .   (no shield)
rNeg     . . .     Faith    .   m - +0 robe
rPois    .         Spirit   .   j - +1 helmet
rElec    .         Reflect  +   e - scarf {rC+ rF+}
rCorr    .         Harm     .   (no gloves)
MR       +....                  v - +0 pair of boots
Stlth    ++++......             t - +4 amulet of reflection
HPRegen  0.19/turn              o - ring of stealth
MPRegen  0.20/turn              B - ring of protection from fire

@: lightly drained, divine energy
A: no striking features
a: Stop Divine Energy, Channel Magic, Forget Spell, Renounce Religion


You were in a volcano.
You worshipped Sif Muna.
Sif Muna was extremely pleased with you.
You were not hungry.

You visited 3 branches of the dungeon, and saw 12 of its levels.
You also visited: Volcano.

You collected 703 gold pieces.

Inventory:

Hand Weapons
 a - a +6 dagger of venom (weapon)
 p - a +2 long sword of freezing
 C - a +4 short sword of freezing
 D - a +0 whip
 E - a +1 dagger of freezing
Armour
 e - a scarf of resistance (worn)
 j - a +1 helmet (worn)
 m - a +0 robe (worn)
 v - a +0 pair of boots (worn)
 G - a cursed -2 buckler
Magical Staves
 b - an uncursed staff of power
Jewellery
 o - a ring of stealth (left hand)
 t - a +4 amulet of reflection (around neck)
 B - a ring of protection from fire (right hand)
Wands
 k - a wand of random effects (52)
 w - a wand of enslavement (5)
 y - a wand of polymorph (7)
 A - a wand of iceblast (6)
Scrolls
 d - 5 scrolls of identify
 f - 6 scrolls of teleportation
 i - a scroll of immolation
 l - a scroll of enchant armour
 r - a scroll of remove curse
 s - a scroll of enchant weapon
Potions
 g - 3 potions of mutation
 h - 2 potions of lignification
 n - 2 potions of curing
 q - 3 potions of agility
 u - 2 potions of brilliance
 x - a potion of magic
 z - a potion of might {unknown}
Comestibles
 c - 15 rations


   Skills:
 - Level 2.3(2.2) Fighting
 + Level 10.0(9.8) Dodging
 - Level 3.9(3.8) Stealth
 - Level 9.0(8.9) Spellcasting
 - Level 11.3(11.2) Conjurations
 - Level 2.0(1.9) Necromancy
 - Level 11.7(11.6) Fire Magic


You had 8 spell levels left.
You knew the following spells:

 Your Spells              Type           Power        Failure   Level  Hunger
a - Animate Skeleton      Necr           N/A          2%          1    None
c - Conjure Flame         Conj/Fire      ######..     1%          3    None
e - Inner Flame           Hex/Fire       #####...     1%          3    None
f - Flame Tongue          Conj/Fire      #####        1%          1    None
t - Sticky Flame          Conj/Fire      ######..     1%          4    ##.....
z - Dazzling Spray        Conj/Hex       #####.       1%          3    None
F - Fireball              Conj/Fire      ######....   1%          5    ####...

Your spell library contained the following spells:

 Spells                   Type           Power        Failure   Level  Hunger
 Throw Flame              Conj/Fire      ######       1%          2    None
 Apportation              Tloc           ##....       6%          1    None
 Confusing Touch          Hex            ##....       6%          1    None
 Corona                   Hex            ##.....      6%          1    None
 Summon Small Mammal      Summ           ##..         6%          1    None
 Bolt of Magma            Conj/Fire/Erth #####.....   7%          5    ####...
 Call Imp                 Summ           ##......     9%          2    None
 Ensorcelled Hibernation  Hex/Ice        ##....       9%          2    None
 Shroud of Golubria       Chrm/Tloc      ##........   9%          2    None
 Slow                     Hex            ##......     9%          2    None
 Call Canine Familiar     Summ           ##......     19%         3    None
 Confuse                  Hex            ##......     19%         3    None
 Portal Projectile        Hex/Tloc       ##....       19%         3    None
 Recall                   Summ/Tloc      N/A          19%         3    None
 Summon Guardian Golem    Hex/Summ       ##......     19%         3    None
 Tukima's Dance           Hex            ##......     19%         3    None
 Cause Fear               Hex            ##........   52%         4    ##.....
 Leda's Liquefaction      Hex/Erth       ##........   52%         4    ##.....
 Passage of Golubria      Tloc           N/A          52%         4    ##.....
 Summon Ice Beast         Ice/Summ       ##......     52%         4    ##.....
 Summon Lightning Spire   Summ/Air       ##......     52%         4    ##.....
 Disjunction              Tloc           ##........   100%        8    #######
 Shatter                  Erth           ##........   100%        9    #######


Dungeon Overview and Level Annotations

Branches:
Dungeon (10/15)            Temple (1/1) D:4            Lair (1/6) D:10
    Orc: D:9-12

Altars:
Ashenzari
Cheibriados
Dithmenos
Elyvilon
Fedhas
Gozag
Hepliaklqana
Kikubaaqudgha
Makhleb
Nemelex Xobeh
Okawaru
Qazlal
Ru
Sif Muna
Trog
Uskayaw
Vehumet
Wu Jian
Xom
Yredelemnul
Zin
The Shining One


Message History

Aim: a molten gargoyle, wielding a +0 mace (lightly damaged)
The mass of ice explodes!
The iceblast engulfs the molten gargoyle!
The molten gargoyle is moderately damaged.
Evoke which item? (* to show all) (? for menu, Esc to quit)
Okay, then.
The molten gargoyle blasts magma at you!
The bolt of magma hits you!! You partially resist.
* * * LOW HITPOINT WARNING * * *
Evoke which item? (* to show all) (? for menu, Esc to quit)
Aiming: Iceblast
Press: ? - help, Shift-Dir - straight line, f/p - molten gargoyle
Aim: a molten gargoyle, wielding a +0 mace (moderately damaged)
The mass of ice explodes!
The iceblast engulfs the molten gargoyle.
The molten gargoyle is heavily damaged.
You hear a horrible gurgling sound!
The molten gargoyle blasts magma at you!
The bolt of magma hits you!! You partially resist.
You die...

###)### ###..≈≈§§≈ #.# ..#.≈§§§§§
§ #.# #.§☼○○○§ §≈≈ #.# #.§☼°○°.
§≈§ #.# #.○○☼☼○§ ≈≈≈§≈≈≈. #)#
#.○○°°°§ §≈≈≈≈≈§§.# #9# #°○○☼°○§
§§≈≈≈§§§.########'########.○§○°○§
≈§≈≈≈°≈§.§......e..........○°°○°§
§≈≈°≈≈≈≈§§≈§.≈.≈≈≈≈.≈≈.§.≈§○≈°○°≈
≈○°°°≈§≈≈§≈≈≈≈§≈≈≈≈≈≈≈§≈§≈≈°○○≈≈≈
≈○○≈§§≈≈≈≈§§≈≈≈≈≈§≈≈§≈≈≈≈≈≈°○☼≈≈§
.§≈°§§§≈≈≈≈≈≈≈§≈≈≈≈≈≈≈§≈≈≈≈°≈○≈≈§
.°°.§§§≈≈§≈≈≈≈≈≈≈≈≈≈≈≈.≈≈≈≈≈☼≈≈≈≈
.°°§..≈≈≈§≈≈≈≈≈≈≈≈≈.......≈≈≈○≈§≈
........≈..≈.≈≈≈≈...........≈○§§°
###...................##...°○○..°


You could see a molten gargoyle.

Vanquished Creatures
  Harold (D:10)
  Josephine (D:10)
  3 death yaks (D:10)
  An ugly thing (D:7)
  An orc sorcerer (Volcano)
  Joseph (D:10)
  A smoke demon (Volcano)
  A gargoyle (D:10)
  A spiny frog (Lair:1)
  A rime drake (Lair:1)
  2 red devils (Volcano)
  3 wraiths (D:10)
  A basilisk (Lair:1)
  2 fire bats (Volcano)
  6 yaks (D:10)
  2 hungry ghosts (D:10)
  3 porcupines
  3 orc warriors
  2 sky beasts (D:9)
  3 ice beasts
  3 ogres
  2 centaurs
  7 bullfrogs
  A wyvern skeleton (D:9)
  3 scorpions
  9 wights
  2 howler monkeys (D:7)
  An electric eel (D:7)
  A crimson imp (D:6)
  5 lava snakes (Volcano)
  2 bullfrog zombies
  5 hounds
  A quasit (D:8)
  2 centaur zombies
  5 orc priests
  3 orc wizards
  2 centaur skeletons (D:7)
  Terence (D:3)
  8 worker ants
  A killer bee zombie (D:5)
  A hound skeleton (D:10)
  Robin (D:2)
  A worker ant zombie (D:10)
  4 gnolls
  9 adders
  2 river rats (D:10)
  3 shadow imps
  4 oozes
  An adder skeleton (D:4)
  A worm (D:2)
  2 dart slugs
  4 leopard geckos
  19 orcs
  2 ball pythons
  5 giant cockroaches
  9 hobgoblins
  3 jackals (D:3)
  4 quokkas
  13 bats
  10 frilled lizards
  17 goblins
  A jackal skeleton (D:6)
  3 kobolds
  A quokka skeleton (D:5)
  13 rats
236 creatures vanquished.

Vanquished Creatures (collateral kills)
  A wyvern (D:10)
  A wraith (D:10)
  3 wights (D:10)
5 creatures vanquished.

Vanquished Creatures (others)
  A hell hound (Volcano)
  A human (D:5)
2 creatures vanquished.

Grand Total: 243 creatures vanquished

Notes
Turn   | Place    | Note
-------+----------+-------------------------------------------
     0 | D:1      | swinepaste the Deep Elf Fire Elementalist began the quest
                  | for the Orb.
     0 | D:1      | Reached XP level 1. HP: 10/10 MP: 6/6
   277 | D:1      | Reached XP level 2. HP: 7/15 MP: 4/8
  1256 | D:2      | Reached XP level 3. HP: 19/19 MP: 6/9
  1414 | D:2      | Reached skill level 5 in Dodging
  1425 | D:2      | Learned a level 3 spell: Conjure Flame
  1429 | D:2      | Learned a level 3 spell: Inner Flame
  1473 | D:2      | Noticed Robin
  1818 | D:2      | Reached XP level 4. HP: 24/24 MP: 7/10
  1824 | D:2      | Reached skill level 1 in Fighting
  2032 | D:2      | Killed Robin
  2130 | D:2      | Found a glowing golden altar of the Shining One.
  2165 | D:2      | Found a sacrificial altar of Ru.
  2168 | D:2      | Found a burning altar of Makhleb.
  2378 | D:2      | Reached XP level 5. HP: 28/29 MP: 9/11
  2724 | D:3      | Noticed Terence
  2726 | D:3      | Killed Terence
  3681 | D:4      | Found a staircase to the Ecumenical Temple.
  3729 | Temple   | Entered the Ecumenical Temple
  3821 | Temple   | Became a worshipper of Sif Muna the Loreminder
  3859 | D:4      | Reached XP level 6. HP: 18/36 MP: 5/12
  3865 | D:4      | Learned a level 4 spell: Sticky Flame
  4014 | D:4      | Found an ornate altar of the Wu Jian Council.
  5140 | D:5      | Entered Level 5 of the Dungeon
  5399 | D:5      | Reached XP level 7. HP: 33/40 MP: 9/14
  5442 | D:5      | Reached * piety under Sif Muna
  5680 | D:5      | Found an ancient bone altar of Kikubaaqudgha.
  5681 | D:5      | Noticed a human
  5684 | D:5      | Killed a human
  5751 | D:5      | Reached skill level 5 in Fire Magic
  5992 | D:5      | Found an iron altar of Okawaru.
  6667 | D:5      | Reached skill level 5 in Spellcasting
  6675 | D:5      | Reached XP level 8. HP: 19/45 MP: 8/17
  6904 | D:6      | Found a stormy altar of Qazlal.
  6913 | D:6      | Reached skill level 5 in Conjurations
  6966 | D:6      | Learned a level 5 spell: Fireball
  7244 | D:6      | Reached ** piety under Sif Muna
  7671 | D:7      | Noticed a cyan ugly thing
  7861 | D:7      | Found a deep blue altar of Sif Muna.
  7896 | D:7      | Killed a cyan ugly thing
  7896 | D:7      | Reached XP level 9. HP: 18/49 MP: 1/19
  8230 | D:7      | Reached *** piety under Sif Muna
  8515 | D:7      | Learned a level 1 spell: Animate Skeleton
  8624 | D:7      | Reached skill level 1 in Necromancy
  9568 | D:8      | Learned a level 3 spell: Dazzling Spray
  9876 | D:9      | Reached **** piety under Sif Muna
 10112 | D:9      | Found the +12 Vampire's Tooth {vamp}
 10400 | D:10     | Entered Level 10 of the Dungeon
 10409 | D:10     | Reached XP level 10. HP: 54/54 MP: 0/22
 10414 | D:10     | Reached skill level 10 in Fire Magic
 10559 | D:10     | Noticed Josephine
 10572 | D:10     | Killed Josephine
 10572 | D:10     | Reached skill level 10 in Conjurations
 10802 | D:10     | Noticed a death yak
 10803 | D:10     | Noticed a death yak
 10940 | D:10     | Noticed a gargoyle
 11082 | D:10     | Reached ***** piety under Sif Muna
 11082 | D:10     | Identified Sif Muna's Disquisition on Earth and the
                  | Traveller (Sif Muna gifted it to you on level 10 of the
                  | Dungeon)
 11082 | D:10     | Received a gift from Sif Muna
 11388 | D:10     | Found a staircase to the Lair.
 11388 | D:10     | Noticed a death yak
 11517 | D:10     | Noticed Joseph
 11733 | D:10     | Killed a death yak
 11963 | D:10     | Killed a death yak
 12202 | D:10     | Killed a death yak
 12202 | D:10     | Reached XP level 11. HP: 58/58 MP: 21/25
 12319 | D:10     | Noticed Harold
 12333 | D:10     | Killed Harold
 12499 | D:10     | Killed Joseph
 12921 | Lair:1   | Entered Level 1 of the Lair of Beasts
 13096 | Lair:1   | Found a dark tunnel.
 13104 | Volcano  | Entered a volcano
 13588 | Volcano  | Found a bloodstained altar of Trog.
 13647 | Volcano  | Noticed an orc sorcerer
 13653 | Volcano  | Killed an orc sorcerer
 13653 | Volcano  | Reached skill level 10 in Dodging
 13924 | Volcano  | Killed from afar by a molten gargoyle

Levels and vault maps discovered:
D:1:      mrwooster_arrival_arrow, layout_basic, serial_co_window_serial,
          co_window_of_opportunity_a, co_window_paths_a, co_window_paths_b,
          co_window_corner_a, co_window_of_opportunity_a,
          co_window_of_opportunity_b, co_window_2corner,
          co_window_unsneaky_path_c, co_window_4corner_a, co_window_paths_d,
          glass_columns_c, glass_columns_a, glass_columns_a, glass_columns_a,
          glass_columns_b
D:2:      cheibrodos_pilgrimage, layout_rooms, grunt_temple_overflow_diamond,
          uniq_robin
D:3:      minmay_chambers_of_twos, layout_loops_ring, first_ration,
          kennysheep_generic_room_11, uniq_terence
D:4:      layout_loops_cross, nicolae_overflow_hidden_temple,
          minmay_temple_entry_statues_pillars
D:5:      layout_loops_cross, okawaru_gym_becter, st_stairs_7, tgw_kikubaaqudgha
D:6:      layout_basic, lemuel_crystal_altar, minmay_holes
D:7:      layout_cave_pods, serial_park, serial_park_tiny_1,
          serial_park_tiny_pond, serial_park_paths [serial_park_minivault_5x5_4]
D:8:      layout_basic
D:9:      layout_irregular_city
D:10:     layout_stronghold, dpeg_lair_monsters, uniq_josephine, uniq_harold,
          uniq_joseph
Temple:   kb_temple_of_zot
Lair:1:   layout_roguey, nicolae_volcano_entry_s_turn, zaba_anthole,
          chequers_serial_rivers_micro_e
Volcano:  volcano_lake [vl_original]

Skill      XL: |  1  2  3  4  5  6  7  8  9 10 11 |
---------------+----------------------------------+-----
Dodging        | 3 4 5 10 | 10.0
Fighting       | 1 2 |  2.3
Stealth        | 3 |  3.9
Conjurations   | 2 4 7 9 11 | 11.3
Fire Magic     | 4 6 8 9 11 | 11.7
Spellcasting   | 5 6 8 9 |  9.0
Necromancy     | 2 |  2.0

Action                   |  1- 3 |  4- 6 |  7- 9 | 10-12 || total
-------------------------+-------+-------+-------+-------++-------
Melee: Whip              |    31 |    24 |       |       ||    55
       Dagger            |       |    71 |    86 |    10 ||   167
       Staff             |       |       |       |    27 ||    27
       Short sword       |       |       |       |     1 ||     1
 Cast: Flame Tongue      |    65 |   131 |   131 |    74 ||   401
       Conjure Flame     |       |     3 |     5 |     7 ||    15
       Sticky Flame      |       |     1 |    22 |    18 ||    41
       Fireball          |       |       |    16 |    19 ||    35
       Inner Flame       |       |       |     1 |     5 ||     6
       Animate Skeleton  |       |       |     4 |    12 ||    16
       Dazzling Spray    |       |       |       |    29 ||    29
Invok: Divine Energy     |       |       |     1 |       ||     1
Evoke: Wand              |       |       |     5 |     7 ||    12
  Use: Scroll            |       |       |    19 |     4 ||    23
       Potion            |       |       |       |     5 ||     5
 Stab: Sleeping          |     2 |     5 |     4 |     2 ||    13
  Eat: Chunk             |     3 |    12 |    22 |     8 ||    45
       Ration            |       |       |       |     4 ||     4
Armor: Robe              |     5 |    19 |    34 |     7 ||    65
       Skin              |       |       |       |     1 ||     1
Dodge: Dodged            |    30 |   120 |   125 |    57 ||   332
Block: Other             |       |       |    20 |    10 ||    30
       Reflection        |       |       |       |     1 ||     1

Table legend:
 A = Non-vault XP
 B = Vault XP
 C = Vault XP percentage of total XP
 D = Non-vault monster count
 E = Vault monster count
 F = Vault count percentage of total count
                 A         B        C        D         E       F
            +---------+---------+-------+---------+---------+-------
      Total |    8713 |    8281 |  48.7 |     188 |      53 |  22.0
            +---------+---------+-------+---------+---------+-------
        D:1 |      37 |       4 |   9.8 |      24 |       2 |   7.7
        D:2 |      75 |      82 |  52.2 |      22 |      14 |  38.9
        D:3 |      76 |      53 |  41.1 |      20 |       9 |  31.0
        D:4 |     344 |       0 |   0.0 |      13 |       0 |   0.0
        D:5 |     799 |      11 |   1.4 |      24 |       1 |   4.0
        D:6 |     494 |       0 |   0.0 |      16 |       0 |   0.0
        D:7 |    1706 |       0 |   0.0 |      23 |       0 |   0.0
        D:8 |     505 |       0 |   0.0 |       8 |       0 |   0.0
        D:9 |     587 |       0 |   0.0 |       8 |       0 |   0.0
       D:10 |    2933 |    6022 |  67.2 |      25 |      16 |  39.0
     Lair:1 |    1157 |       0 |   0.0 |       5 |       0 |   0.0
    Volcano |       0 |    2109 | 100.0 |       0 |      11 | 100.0
            +---------+---------+-------+---------+---------+-------
